 Dungeon Crawl Stone Soup version 0.13-a0-1638-g9943704 (webtiles) character file.

59 WolfTickets the Slasher (level 3, 0/33 HPs)
             Began as a Hill Orc Fighter on June 17, 2013.
             Slain by Sigmund
             ... wielding a cursed -2,-1 scythe
              (8 damage)
             ... on Level 2 of the Dungeon.
             The game lasted 00:01:43 (587 turns).

WolfTickets the Slasher (Hill Orc Fighter)           Turns: 587, Time: 00:01:43

HP   0/33        AC  7     Str 19      XL: 3   Next:  4%
MP   2/2         EV  6     Int  8      God:
Gold 34          SH  0     Dex 11      Spells:  0 memorised,  2 levels left

Res.Fire  : . . .   See Invis. : .   a - +0 orc falchion
Res.Cold  : . . .   Warding    : .   b - +0 orc scale mail
Life Prot.: . . .   Conserve   : .   c - +0 orc shield
Res.Poison: .       Res.Corr.  : .   (helmet restricted)
Res.Elec. : .       Clarity    : .   (no cloak)
Sust.Abil.: . .     Spirit.Shd : .   (no gloves)
Res.Mut.  : .       Stasis     : .   (no boots)
Res.Rott. : .       Flight     : .   (no amulet)
Saprovore : + . .                    (no ring)
                                     (no ring)

@: invisible, confused, hasted, very quick, not resistant to hostile
enchantments, extremely unstealthy
A: horns 1, saprovore 1, wild magic 1, Str +1
a: no special abilities


You were on level 2 of the Dungeon.
You were not hungry.

You visited 1 branch of the dungeon, and saw 2 of its levels.

You collected 14 gold pieces.

Inventory:

Hand weapons
 a - a +0,+0 orcish falchion (weapon)
Armour
 b - a +0 orcish scale mail (worn)
 c - a +0 orcish shield (worn)
Comestibles
 d - a meat ration
 k - a pear
 n - a rotting chunk of rat flesh
 o - a rotting chunk of goblin flesh
 q - a chunk of rat flesh
Scrolls
 e - 2 scrolls of fear {unknown}
 f - a scroll of curse jewellery {unknown}
 l - a scroll of fog {unknown}
 p - a scroll of identify {unknown}


   Skills:
 - Level 3.6 Fighting
 + Level 3.7 Long Blades
 - Level 3.2 Armour
 - Level 3.2 Shields


You had 2 spell levels left.
You didn't know any spells.

Dungeon Overview and Level Annotations

Branches:
Dungeon (2/27)

Altars:

Annotations
D:2 Sigmund


Innate Abilities, Weirdness & Mutations

You can tolerate rotten meat.
You have a pair of small horns on your head.
Your muscles are strong (Str +1).
Your spells are a little harder to cast, but a little more powerful.


Message History

Your shield and scale mail prevent you from hitting Sigmund.
Sigmund is lightly wounded.
Sigmund hits you with a scythe!
You closely miss Sigmund.
Sigmund is lightly wounded.
Drink which item? (? for menu, Esc to quit)
It has a very clean taste.
It was a potion of cure mutation.
Ouch! Sigmund hits you with a scythe.
Ouch!
Drink which item? (? for menu, Esc to quit)
You feel extremely strange.
You feel stronger.
You feel less in control of your magic. A pair of horns grows on your head!
It was a potion of mutation.
Sigmund hits you with a scythe!
* * * LOW HITPOINT WARNING * * *
You closely miss Sigmund. You headbutt Sigmund.
Sigmund is moderately wounded.
Unknown command.
Ouch! Sigmund hits you with a scythe!
You die...

# #.#. .. . ##.#. #..
..#.####....# ..
.............#####.###...
#...............@@S......
#..............###.######
...............# #
#..............#
#.............##
#.....<)......####.#
####.###...........# ...
#......###### ##..
#.#.#.##


You could see Sigmund and an adder.

Vanquished Creatures
  A bat (D:1)
  3 giant cockroaches (D:1)
  3 hobgoblins
  A giant newt (D:1)
  6 goblins (D:1)
  2 jackals (D:2)
  4 kobolds (D:1)
  4 rats
24 creatures vanquished.

Vanquished Creatures (others)
  A goblin (D:2)
1 creature vanquished.

Grand Total: 25 creatures vanquished

Notes
Turn   | Place    | Note
--------------------------------------------------------------
     0 | D:1      | WolfTickets, the Hill Orc Fighter, began the quest for the Orb.
     0 | D:1      | Reached XP level 1. HP: 19/19 MP: 0/0
   155 | D:1      | Reached XP level 2. HP: 24/26 MP: 1/1
   504 | D:2      | Reached XP level 3. HP: 27/33 MP: 2/2
   564 | D:2      | Noticed Sigmund
   585 | D:2      | Gained mutation: Your muscles are strong (Str +1). [potion of mutation]
   585 | D:2      | Gained mutation: Your spells are a little harder to cast, but a little more powerful. [potion of mutation]
   585 | D:2      | Gained mutation: You have a pair of small horns on your head. [potion of mutation]
   587 | D:2      | Slain by Sigmund

Action                   || total
-------------------------++-------
Melee: Falchion          ||    69
  Use: Potion            ||     5
